 Dungeon Crawl Stone Soup version 0.17-a0-1946-gfb768fe (webtiles) character file.

67 HungrySpirit the Changer (level 3, 0/28 HPs)
             Began as a Draconian Transmuter on Oct 1, 2015.
             Slain by a kobold
             ... wielding a +0 short sword
              (4 damage)
             ... on level 3 of the Dungeon.
             The game lasted 00:04:11 (2673 turns).

HungrySpirit the Changer (Draconian Transmuter)     Turns: 2673, Time: 00:04:11

Health: 0/28       AC:  5    Str: 12    XL:     3   Next: 98%
Magic:  3/6        EV: 12    Int: 14    God:
Gold:   57         SH:  0    Dex: 11    Spells: 2 memorised, 4 levels left

rFire  . . .     SeeInvis .     f - +0 short sword
rCold  . . .     Clarity  .     (armour unavailable)
rNeg   + . .     SustAt   .     (no shield)
rPois  .         Gourm    .     (helmet restricted)
rElec  .         Spirit   .     (no cloak)
rCorr  .         Warding  .     (no gloves)
rMut   .         Stasis   .     (no boots)
MR     .....                    (no amulet)
Stlth  +.........               (no ring)
                                l - ring of positive energy

@: not resistant to hostile enchantments, very unstealthy
A: unfitting armour, cold-blooded, AC +5
a: no special abilities


You were on level 3 of the Dungeon.
You were hungry.

You visited 1 branch of the dungeon, and saw 3 of its levels.

You collected 57 gold pieces.

Inventory:

Hand weapons
 f - a +0 short sword (weapon)
Missiles
 a - 8 arrows
Jewellery
 l - a ring of positive energy (left hand)
Scrolls
 d - 8 scrolls of identify {unknown}
 e - a scroll of enchant weapon {unknown}
 g - a scroll of random uselessness {unknown}
 i - a scroll of remove curse {unknown}
 j - a scroll of teleportation {unknown}
 k - a scroll of magic mapping {unknown}
 o - a scroll of noise {unknown}
Potions
 h - a potion of degeneration {unknown}
 m - a potion of invisibility {unknown}
Books
 b - a book of Changes

   Spells                             Type                      Level
   a - Beastly Appendage              Transmutation                1
   b - Sticks to Snakes               Transmutation                2
   c - Spider Form                    Transmutation/Poison         3
   d - Ice Form                       Ice/Transmutation            4
   e - Blade Hands                    Transmutation                5
Comestibles
 c - a bread ration


   Skills:
 - Level 1.1 Fighting
 - Level 1.7 Dodging
 + Level 3.4 Unarmed Combat
 + Level 2.5 Spellcasting
 * Level 3.5 Transmutations


You had 4 spell levels left.
You knew the following spells:

 Your Spells              Type           Power        Failure   Level  Hunger
a - Beastly Appendage     Trmt           ##....       6%          1    #......
b - Sticks to Snakes      Trmt           ##........   10%         2    ###....


Dungeon Overview and Level Annotations

Branches:
Dungeon (3/15)

Altars:


Innate Abilities, Weirdness & Mutations

Your plain brown scales are hard (AC +5).
Your body does not fit into most forms of armour.
You are cold-blooded and may be slowed by cold attacks.


Message History

Your ball python misses the phantom.
Your ball python completely misses the phantom.
The phantom closely misses your ball python.
Your ball python bites the phantom but does no damage.
Your ball python misses the phantom.
The phantom hits your ball python.
Your ball python dies!
Your ball python closely misses the phantom.
Your ball python closely misses the phantom.
Your ball python closely misses the phantom.
You see here a rat skeleton.
Your ball python bites the phantom but does no damage.
A kobold comes into view. It is wielding a short sword.
The kobold shouts!
The phantom blinks!
The phantom misses you.
The kobold drinks a potion.
The kobold seems to speed up.
The kobold hits you with a short sword.
* * * LOW HITPOINT WARNING * * *
The phantom blinks!
The kobold hits you with a short sword.
You die...

#.........####.# #.# #.#......#
#.# #........# #.# ##.......#
.# #.# #.......####.# #.#
##[##........####.##
#.##§S......#.....#
#..#........#.##..#
##.#@K......#.##..###
#######....W.....#.##.....
#................#...#.###
#........##'####.###.#.###
#.........#.# #.........#
#####<......#.#.# ######..#.#
####...'.......#.#.# #......#.#
.......#.......#...#####.###.##
# .......###.#...##..#.....#
#.#


You could see a phantom, a kobold and a friendly ball python.

Vanquished Creatures
  An adder (D:2)
  2 worms
  A giant gecko (D:3)
  4 orcs (D:3)
  A ball python (D:1)
  4 giant cockroaches
  4 goblins (D:1)
  7 hobgoblins (D:1)
  5 bats
  5 kobolds
  15 rats
49 creatures vanquished.

Vanquished Creatures (collateral kills)
  A rat (D:3)
1 creature vanquished.

Grand Total: 50 creatures vanquished

Notes
Turn   | Place    | Note
--------------------------------------------------------------
     0 | D:1      | HungrySpirit the Draconian Transmuter began the quest for the Orb.
     0 | D:1      | Reached XP level 1. HP: 16/16 MP: 3/3
   310 | D:1      | Reached XP level 2. HP: 8/23 MP: 5/5
  1054 | D:1      | Learned a level 2 spell: Sticks to Snakes
  1363 | D:2      | Reached XP level 3. HP: 20/28 MP: 4/6
  2590 | D:3      | Noticed a phantom
  2673 | D:3      | Slain by a kobold

Vault maps used:
D:1:      onia_arrival_mini_maze, due_unseen_surprise
D:3:      gup_sewer_entry_bowl, serial_bayou_ford_a

Action                   || total
-------------------------++-------
Melee: Unarmed           ||    14
       Whip              ||     9
       Short sword       ||   171
 Cast: Beastly Appendage ||     5
       Sticks to Snakes  ||     4
 Stab: Sleeping          ||     1
  Eat: Chunk             ||     4
       Beef jerky        ||     1
